 Dungeon Crawl Stone Soup version 0.27-a0-1065-ge809cff456 (webtiles) character file.

Game seed: 9694432308566498979

602 Lemonice the Skirmisher (level 7, -1/58 HPs)
             Began as a Palentonga Fighter on Apr 22, 2021.
             Slain by a gnoll
             ... wielding a +0 halberd
              (2 damage)
             ... on level 4 of the Dungeon.
             The game lasted 00:06:07 (3642 turns).

Lemonice the Skirmisher (Palentonga Fighter)        Turns: 3642, Time: 00:06:07

Health: -1/58      AC: 17    Str: 19    XL:     7   Next: 18%
Magic:  7/7        EV:  6    Int: 11    God:
Gold:   176        SH:  9    Dex:  9    Spells: 6/6 levels left

rFire    . . .     SeeInvis +   a - +0 long sword
rCold    . . .     Faith    .   c - +0 kite shield
rNeg     . . .     Spirit   .   b - +0 scale mail
rPois    .         Reflect  .   n - +0 helmet
rElec    .         Harm     .   i - +0 cloak
rCorr    .         Rampage  .   r - +0 pair of gloves
Will     .....                  (no barding)
Stlth    ..........             (no amulet)
HPRegen  0.19/turn              (no ring)
MPRegen  0.10/turn              (no ring)

@: curled up
A: large, rugged brown scales 3, see invisible, deformed body, roll 1, armoured
tail, reflexive curl
a: Rolling Charge


You were on level 4 of the Dungeon.
You visited 1 branch of the dungeon, and saw 4 of its levels.

You collected 176 gold pieces.

Inventory:

Hand Weapons
 a - a +0 long sword (weapon)
Missiles
 l - 2 boomerangs (quivered)
Armour
 b - a +0 scale mail (worn)
 c - a +0 kite shield (worn)
 i - a +0 cloak (worn)
 n - a +0 helmet (worn)
 r - a +0 pair of gloves (worn)
Wands
 m - a wand of iceblast (10)
 o - a wand of flame (11)
Scrolls
 e - 6 scrolls of teleportation {unknown}
 f - a scroll of vulnerability {unknown}
 g - a scroll of immolation {unknown}
 k - a scroll of silence {unknown}
 p - 2 scrolls of identify {unknown}
Potions
 d - a potion of might
 h - a potion of berserk rage {unknown}
 j - 2 potions of brilliance {unknown}
 q - a potion of flight {unknown}


   Skills:
 + Level 4.5 Fighting
 + Level 4.2 Long Blades
 + Level 4.0 Armour
 - Level 0.5 Dodging
 + Level 4.1 Shields


You had 6 spell levels left.
You didn't know any spells.
Your spell library contained the following spells:

 Spells                   Type           Power      Damage    Failure   Level
 Magic Dart               Conj           0%         1d3       96%         1
 Blink                    Tloc           N/A        N/A       99%         2
 Call Imp                 Summ           0%         N/A       99%         2
 Slow                     Hex            0%         N/A       99%         2
 Conjure Flame            Conj/Fire      0%         6-21      100%        3
 Mephitic Cloud           Conj/Pois/Air  0%         N/A       100%        3


Dungeon Overview and Level Annotations

Branches:
Dungeon (4/15)             Temple (0/1) D:4

Altars:
Ashenzari
Gozag
Vehumet
Xom

Shops:
D:4 (


Innate Abilities, Weirdness & Mutations

You are completely covered in rugged brown scales. (AC +3, +7% HP)
You have supernaturally acute eyesight. (SInv)
Armour fits poorly on your strangely shaped body.
You can roll at nearby foes to attack.
You have a long armoured tail.
You curl defensively after being hit.


Message History

You block the gnoll's attack. The gnoll closely misses you.
The gnoll hits you with a +0 spear. The gnoll barely misses you.
You barely miss the gnoll.
The gnoll is severely wounded.
The gnoll barely misses you. You block the gnoll's attack.
The gnoll hits you from afar with a +0 halberd!
You barely miss the gnoll. You tail-slap the gnoll.
You kill the gnoll!
The gnoll hits you with a +0 club. The gnoll hits you but does no damage.
You block the gnoll's attack.
You hit the gnoll.
The gnoll is moderately wounded.
The gnoll hits you from afar with a +0 halberd.
The gnoll hits you but does no damage. The gnoll barely misses you.
You barely miss the gnoll.
The gnoll is moderately wounded.
The gnoll barely misses you.
You riposte.
You closely miss the gnoll.
The gnoll is moderately wounded.
The gnoll barely misses you.
You closely miss the gnoll. You tail-slap the gnoll!
You kill the gnoll!
You block the gnoll's attack. The gnoll hits you but does no damage.
You see here a +0 club.
You barely miss the gnoll. The gnoll hits you but does no damage.
The gnoll hits you with a +0 halberd.
You hit the gnoll but do no damage. The gnoll hits you with a +0 halberd.
You barely miss the gnoll. The gnoll hits you with a +0 halberd!
You barely miss the gnoll. The gnoll hits you with a +0 halberd!
* * * LOW HITPOINT WARNING * * *
The gnoll hits you with a +0 halberd.
* * * LOW HITPOINT WARNING * * *
You hit the gnoll.
The gnoll is lightly wounded.
The gnoll hits you with a +0 halberd.
* * * LOW HITPOINT WARNING * * *
You barely miss the gnoll. You tail-slap the gnoll!
The gnoll is severely wounded.
The gnoll hits you with a +0 halberd.
You die...

.> #.....†..#.# #.
#.....##.#.#
##.<........#
#.....###.######.#
....... #.##.g.gg#
##.#.#####.##g#
#.........##.#
......#.##.##.####
.###......)@g....#
####.##.##.##.#
#.##.##.# #
#.##.##.#
#.##.##.#
........#
..##.##.. ##
#.##.# #.#


You could see a gnoll.

Vanquished Creatures
  Sigmund (D:3)
  A necrophage (D:3)
  A bullfrog (D:3)
  A centaur zombie (D:4)
  2 hounds
  2 iguanas (D:4)
  Robin (D:3)
  3 gnolls
  4 adders
  2 worms (D:2)
  A dart slug (D:2)
  An orc (D:3)
  4 ball pythons
  3 endoplasms
  3 giant cockroaches
  11 goblins
  3 hobgoblins (D:3)
  6 jackals (D:2)
  8 bats
  3 frilled lizards
  9 kobolds
  5 rats
75 creatures vanquished.

Notes
Turn   | Place    | Note
-------+----------+-------------------------------------------
     0 | D:1      | Lemonice the Palentonga Fighter began the quest for the
                  | Orb.
     0 | D:1      | Reached XP level 1. HP: 19/19 MP: 1/1
     9 | D:1      | Found a faded altar of an unknown god.
   196 | D:1      | Reached XP level 2. HP: 7/25 MP: 2/2
   199 | D:1      | HP: 1/25 [gnoll/+0 club (3)]
  1002 | D:1      | Reached XP level 3. HP: 30/31 MP: 3/3
  1943 | D:2      | Reached XP level 4. HP: 25/37 MP: 4/4
  2164 | D:2      | Found a shimmering altar of Xom.
  2352 | D:3      | Noticed a bullfrog
  2361 | D:3      | Killed a bullfrog
  2362 | D:3      | Reached XP level 5. HP: 31/43 MP: 5/5
  2542 | D:3      | Found an opulent altar of Gozag.
  2617 | D:3      | Noticed a necrophage
  2619 | D:3      | Noticed Robin
  2664 | D:3      | Killed a necrophage
  2665 | D:3      | Reached XP level 6. HP: 23/50 MP: 6/6
  2703 | D:3      | Killed Robin
  3081 | D:3      | Found a radiant altar of Vehumet.
  3202 | D:3      | Noticed Sigmund
  3204 | D:3      | Killed Sigmund
  3330 | D:4      | Found Farch's Weapon Shop.
  3438 | D:4      | Gained mutation: You curl defensively after being hit.
                  | [Palentonga growth]
  3438 | D:4      | Reached XP level 7. HP: 57/58 MP: 7/7
  3440 | D:4      | Found a broken altar of Ashenzari.
  3527 | D:4      | Found a staircase to the Ecumenical Temple.
  3641 | D:4      | HP: 1/58 [gnoll/+0 halberd (5)]
  3642 | D:4      | Slain by a gnoll

Illustrated notes

Levels and vault maps discovered:
D:1:      nicolae_arrival_washed_ashore, layout_basic, basic_ecumenical_altar,
          minmay_vboxes
D:2:      layout_loops_ring, basic_altar, chequers_decorated_corner
D:3:      layout_loops_cross, vehumet_altar_wand_db, marbit_many_paths,
          uniq_sigmund, uniq_robin
D:4:      layout_loops_ring, kennysheep_mini, lemuel_tele_altar,
          kennysheep_mini_moat, grunt_temple_overflow_open,
          minmay_temple_entry_from_below_a, serial_shops,
          nicolae_shop_temple_entry_statues_fountains,
          hangedman_abyss_or_decor_slice, kennysheep_another_room,
          kennysheep_generic_room_5

Skill      XL: |  1  2  3  4  5  6 |
---------------+-------------------+-----
Armour         | 3 4 |  4.0
Long Blades    | 3 4 |  4.2
Shields        | 3 4 |  4.1
Fighting       | 4 |  4.5
Dodging        | |  0.5

Action                   |  1- 3 |  4- 6 |  7- 9 || total
-------------------------+-------+-------+-------++-------
Melee: Long sword        |   125 |   102 |    39 ||   266
       Tailslap          |     6 |    15 |     6 ||    27
Throw: Boomerang         |       |     9 |       ||     9
 Abil: Rolling Charge    |     8 |     9 |     1 ||    18
Evoke: Wand              |       |     1 |       ||     1
Armor: Scale mail        |    84 |    63 |    24 ||   171
Dodge: Dodged            |    38 |    29 |    14 ||    81
Block: Kite shield       |    87 |    41 |    18 ||   146
       Rpst.: Long sword |    11 |     8 |     3 ||    22

Table legend: (Time is in decaauts)
 A = Elapsed time spent in this place.
 B = Non-inter-level travel time spent in this place.
 C = Inter-level travel time spent in this place.
 D = Time resting spent in this place.
 E = Time spent auto-exploring this place.
 F = Levels seen in this place.
 G = Mean time per level.
                   A        B        C        D        E       F      G
               +--------+--------+--------+--------+--------+-----+--------+
         Total |   3764 |   3664 |    100 |    540 |   2432 |   4 |  941.0 |
       Dungeon |   3764 |   3664 |    100 |    540 |   2432 |   4 |  941.0 |
               +--------+--------+--------+--------+--------+-----+--------+

Top non-repeatable levels by time:
     D:1: 1173 daAuts
     D:2: 1164 daAuts
     D:3: 1098 daAuts
     D:4: 328 daAuts
